 Dungeon Crawl Stone Soup version 0.13.0-25-g43d4df3 (webtiles) character file.

5100 Malachi the Stinger (level 10, -4/73 HPs)
             Began as a Naga Wizard on Oct 27, 2013.
             Was a Believer of Vehumet.
             Incinerated by a mottled dragon (8 damage)
             ... with a sticky flame
             ... on Level 10 of the Dungeon.
             The game lasted 00:37:12 (12980 turns).

Malachi the Stinger (Naga Wizard)                  Turns: 12980, Time: 00:37:13

HP  -4/73        AC  9     Str  9      XL: 10   Next: 42%
MP   6/25        EV  7     Int 27      God: Vehumet [**....]
Gold 469         SH  0     Dex 10      Spells:  7 memorised,  6 levels left

Res.Fire  : . . .   See Invis. : +   W - +2,+1 dagger (drain)
Res.Cold  : . . .   Warding    : .   a - +0 robe
Life Prot.: . . .   Conserve   : +   (no shield)
Res.Poison: +       Res.Corr.  : .   b - +0 wizard hat
Res.Elec. : .       Clarity    : .   I - -1 cloak
Sust.Abil.: . .     Spirit.Shd : .   (no gloves)
Res.Mut.  : .       Stasis     : .   B - +1 naga barding
Res.Rott. : .       Flight     : .   J - amulet of conservation
Saprovore : . . .                    x - ring of sustenance
                                     q - cursed +5 ring of intelligence

@: liquid flames, glowing, very slow, somewhat resistant to hostile
enchantments, unstealthy
A: spit poison, see invisible, deformed body, poison resistance, slowness 2, AC
+3
a: Spit Poison, Renounce Religion


You were on level 10 of the Dungeon.
You worshipped Vehumet.
Vehumet was pleased with you.
You were not hungry.

You visited 2 branches of the dungeon, and saw 11 of its levels.

You collected 449 gold pieces.

Inventory:

Hand weapons
 e - a +1,+0 orcish short sword
 z - a +0 blowgun
 C - a +1,+0 bow of flame
 W - a +2,+1 dagger of draining (weapon)
Missiles
 y - 21 poisoned needles
 L - 32 arrows
Armour
 a - a +0 robe (worn)
 b - a +0 wizard hat (worn)
 w - a +0 troll hide
 B - a +1 naga barding (worn)
 I - a -1 cloak (worn)
Magical devices
 E - a wand of flame (0)
 F - a wand of flame (0)
 N - a wand of random effects (0)
 Q - a wand of paralysis (13)
 R - a wand of slowing (10)
Comestibles
 d - 6 bread rations
 r - 2 meat rations
 P - a choko
 T - a chunk of crocodile flesh
Scrolls
 j - 3 scrolls of magic mapping
 k - a scroll of recharging
 l - 3 scrolls of remove curse
 n - a scroll of noise
Jewellery
 m - an uncursed amulet of guardian spirit
 q - a cursed +5 ring of intelligence (left hand)
 t - an uncursed amulet of inaccuracy {unknown}
 x - a ring of sustenance (right hand)
 D - an uncursed ring of protection from magic
 J - an amulet of conservation (around neck)
 O - an uncursed ring of teleport control
 S - an uncursed ring of fire {unknown}
 V - an uncursed amulet of warding
Potions
 f - a potion of beneficial mutation {unknown}
 g - 3 potions of curing
 o - 2 potions of invisibility
 p - a potion of paralysis {unknown}
 s - 2 potions of brilliance
 u - a potion of confusion {unknown}
 v - 2 potions of magic
 A - 2 potions of agility {unknown}
 G - a potion of speed {unknown}
Books
 c - a book of Minor Magic

   Spells                             Type                      Level
   *Magic Dart                        Conjuration                  1
   *Blink                             Translocation                2
   *Call Imp                          Summoning                    2
   *Repel Missiles                    Charms/Air                   2
   Slow                               Hexes                        2
   *Conjure Flame                     Conjuration/Fire             3
   *Mephitic Cloud                    Conjuration/Poison/Air       3
 H - a book of Dreams

   Spells                             Type                      Level
   Ensorcelled Hibernation            Hexes/Ice                    2
   Flight                             Charms/Air                   3
   Phase Shift                        Translocation                5
   Shadow Creatures                   Summoning                    5
   Mass Confusion                     Hexes                        6
   Darkness                           Hexes                        7
 K - a book of Alchemy

   Spells                             Type                      Level
   Lethal Infusion                    Charms/Necromancy            2
   Sublimation of Blood               Necromancy                   2
   Condensation Shield                Ice                          4
   Alistair's Intoxication            Transmutation/Poison         4
   Petrify                            Transmutation/Earth          4
   Ignite Poison                      Fire/Transmutation           5
 M - a book of the Sky

   Spells                             Type                      Level
   Flight                             Charms/Air                   3
   *Airstrike                         Air                          4
   Silence                            Hexes/Air                    5
   Deflect Missiles                   Charms/Air                   6
   Conjure Ball Lightning             Conjuration/Air              7
   Tornado                            Air                          9


   Skills:
 - Level 0.2 Fighting
 - Level 5.2 Short Blades
 - Level 1.5 Dodging
 - Level 5.2 Stealth
 - Level 7.0 Spellcasting
 - Level 6.8 Conjurations
 - Level 3.3 Charms
 - Level 1.0 Summonings
 - Level 2.0 Translocations
 - Level 1.2 Fire Magic
 * Level 4.8 Air Magic
 - Level 7.8 Poison Magic
 - Level 3.3 Evocations


You had 6 spell levels left.
You knew the following spells:

 Your Spells              Type           Power        Failure   Level  Hunger
a - Airstrike             Air            #####.....   10%         4    ###....
b - Blink                 Tloc           N/A          4%          2    None
c - Call Imp              Summ           ##........   8%          2    None
d - Mephitic Cloud        Conj/Pois/Air  #####...     1%          3    None
e - Repel Missiles        Chrm/Air       ####......   1%          2    None
f - Conjure Flame         Conj/Fire      ####....     3%          3    None
g - Magic Dart            Conj           ####         1%          1    None


Dungeon Overview and Level Annotations

Branches:
Dungeon (10/27)            Temple (1/1) D:7             Orc (0/4) D:8
   Lair: D:8-13

Altars:
Ashenzari
Cheibriados
Elyvilon
Fedhas
Kikubaaqudgha
Makhleb
Nemelex Xobeh
Okawaru
Sif Muna
Trog
Vehumet
Xom
Yredelemnul
Zin
the Shining One

Shops:
D:5 }

Annotations:
D:8 Zapata's ghost, experienced KoBe


Innate Abilities, Weirdness & Mutations

You cannot wear boots.
You can spit poison.
Your serpentine skin is tough (AC +3).
You have supernaturally acute eyesight.
Armour fits poorly on your strangely shaped body.
Your system is resistant to poisons.
You cover ground very slowly.


Message History

The beam explodes into a vile cloud!
The stinking cloud engulfs the mottled dragon.
Unknown command.
You hear a distant slurping noise.
The mottled dragon spits sticky flame at you.
The sticky flame hits you!
You are covered in liquid flames!
* * * LOW HITPOINT WARNING * * *
You are covered in liquid flames!
* * * LOW HITPOINT WARNING * * *
The mottled dragon spits sticky flame at you.
The sticky flame hits you!
You are covered in liquid flames!
* * * LOW HITPOINT WARNING * * *
Drink which item? (? for menu, Esc to quit)
You feel better.
You are covered in liquid flames!
* * * LOW HITPOINT WARNING * * *
You are covered in liquid flames!
You die...

##################
........<........#
################.#
#@# #.# #.# #.#
#D# #§#
##########§#
............#
........).))#


You could see a mottled dragon.

Vanquished Creatures
  The ghost of dsn the Magician, an experienced DEWz of Kikubaaqudgha (D:7)
  Psyche (D:9)
  Prince Ribbit (D:7)
  A troll (D:10)
  A wyvern (D:10)
  2 hippogriffs
  A hungry ghost (D:10)
  An ice beast (D:7)
  2 orc warriors
  A necrophage (D:8)
  2 sky beasts
  5 centaurs
  A crocodile (D:10)
  5 ogres
  3 giant frogs
  2 jellies
  A manticore skeleton (D:6)
  A yak zombie (D:9)
  5 killer bees (D:7)
  A centaur zombie (D:8)
  6 crimson imps
  A quasit (D:6)
  A giant frog skeleton (D:4)
  4 hounds
  An iron imp (D:8)
  2 scorpions
  An orc priest (D:7)
  2 orc wizards
  3 iguanas
  5 worker ants
  Ijyb (D:4)
  An ogre zombie (D:8)
  An ogre skeleton (D:7)
  A mummy (D:7)
  12 adders
  4 gnolls
  An inept feature mimic (D:5)
  6 worms
  3 giant mites
  An adder skeleton (D:6)
  A giant eyeball (D:5)
  2 iguana skeletons
  A giant gecko (D:1)
  An ooze (D:1)
  22 orcs
  A ball python (D:1)
  A bat skeleton (D:5)
  8 giant cockroaches
  16 hobgoblins
  12 jackals
  9 quokkas
  13 bats
  9 giant newts
  A giant spore (D:7)
  15 goblins
  2 hobgoblin skeletons
  A hobgoblin zombie (D:8)
  14 kobolds
  A kobold zombie (D:7)
  3 orc zombies
  A quokka skeleton (D:5)
  12 rats
  A ballistomycete (D:7)
242 creatures vanquished.

Vanquished Creatures (collateral kills)
  A necrophage (D:8)
  2 wights (D:8)
  3 crimson imps
  The ghost of Bloax the Ruffian, a weakling MiMo (D:4)
  A worm (D:8)
8 creatures vanquished.

Vanquished Creatures (others)
  An unseen horror (D:10)
  An orc warrior (D:10)
  An ogre (D:10)
  A centaur (D:10)
  A giant frog (D:10)
  A crimson imp (D:8)
  A jelly (D:10)
  An ogre zombie (D:10)
  An adder (D:10)
  A white imp (D:8)
  5 orcs (D:10)
  2 giant spores (D:10)
  2 hobgoblin zombies (D:7)
  A rat (D:10)
  2 ballistomycetes (D:10)
22 creatures vanquished.

Grand Total: 272 creatures vanquished

Notes
Turn   | Place    | Note
--------------------------------------------------------------
     0 | D:1      | Malachi, the Naga Wizard, began the quest for the Orb.
     0 | D:1      | Reached XP level 1. HP: 13/13 MP: 5/5
   199 | D:1      | Reached XP level 2. HP: 20/20 MP: 1/7
   812 | D:1      | Reached XP level 3. HP: 10/26 MP: 0/9
  2152 | D:2      | Reached XP level 4. HP: 33/33 MP: 7/11
  2466 | D:2      | Learned a level 2 spell: Blink
  2469 | D:2      | Learned a level 2 spell: Call Imp
  2474 | D:2      | Learned a level 3 spell: Mephitic Cloud
  2520 | D:2      | Reached skill level 4 in Conjurations
  2740 | D:2      | Reached skill level 1 in Poison Magic
  3751 | D:3      | Reached XP level 5. HP: 34/39 MP: 2/12
  3958 | D:3      | Found a white marble altar of Elyvilon.
  4199 | D:3      | Reached skill level 1 in Short Blades
  4395 | D:3      | Found a glowing golden altar of the Shining One.
  4847 | D:4      | Noticed Bloax's ghost (weakling MiMo)
  4860 | D:4      | Killed Bloax's ghost
  5059 | D:4      | Noticed Ijyb
  5082 | D:4      | Killed Ijyb
  5307 | D:4      | Reached XP level 6. HP: 46/46 MP: 8/15
  5385 | D:4      | Noticed an ogre
  5393 | D:4      | Killed an ogre
  6045 | D:5      | Entered Level 5 of the Dungeon
  6226 | D:5      | Learned a level 2 spell: Repel Missiles
  6230 | D:5      | Learned a level 3 spell: Conjure Flame
  6243 | D:5      | Paralysed by a giant eyeball for 4 turns
  6263 | D:5      | Reached skill level 5 in Spellcasting
  6263 | D:5      | Reached XP level 7. HP: 41/52 MP: 8/18
  6618 | D:5      | Found a staircase to the Ecumenical Temple.
  6753 | D:5      | the staircase to the Ecumenical Temple was a mimic.
  6858 | D:5      | Found Oxiviv's Gadget Boutique.
  7093 | D:6      | Reached skill level 6 in Spellcasting
  7437 | D:6      | Reached XP level 8. HP: 26/60 MP: 13/22
  7847 | D:6      | Reached skill level 7 in Spellcasting
  8293 | D:7      | Reached skill level 5 in Poison Magic
  8476 | D:7      | Found a staircase to the Ecumenical Temple.
  8493 | Temple   | Entered the Ecumenical Temple
  8842 | Temple   | Became a worshipper of Vehumet
  9109 | D:7      | Noticed dsn's ghost (experienced DEWz)
  9183 | D:6      | Reached XP level 9. HP: 64/66 MP: 15/23
  9209 | D:7      | Killed dsn's ghost
  9209 | D:7      | Reached skill level 5 in Short Blades
  9209 | D:7      | Reached skill level 1 in Evocations
  9228 | D:7      | Reached skill level 1 in Charms
  9454 | D:7      | Reached skill level 1 in Fire Magic
  9635 | D:7      | Noticed Prince Ribbit
  9763 | D:7      | Killed Prince Ribbit
  9889 | D:7      | Acquired Vehumet's first power
  9889 | D:7      | Offered knowledge of Freeze by Vehumet.
 10103 | D:7      | Found a snail-covered altar of Cheibriados.
 10220 | D:8      | Noticed Zapata's ghost (experienced KoBe)
 10221 | D:8      | Noticed a salamander
 10339 | D:8      | Reached skill level 5 in Conjurations
 10339 | D:8      | Reached skill level 1 in Air Magic
 10731 | D:8      | Noticed a salamander
 10771 | D:8      | Noticed a salamander
 11245 | D:8      | Found a staircase to the Orcish Mines.
 11285 | D:8      | Reached XP level 10. HP: 22/73 MP: 1/25
 11934 | D:9      | Noticed Psyche
 11957 | D:9      | Killed Psyche
 12118 | D:9      | Found a glowing silver altar of Zin.
 12196 | D:10     | Entered Level 10 of the Dungeon
 12231 | D:10     | Offered knowledge of Shock by Vehumet.
 12231 | D:10     | Reached skill level 5 in Stealth
 12437 | D:10     | Learned a level 4 spell: Airstrike
 12704 | D:10     | Killed an unseen horror
 12978 | D:10     | HP: 3/73 [mottled dragon/sticky flame (4)]
 12980 | D:10     | Incinerated by a mottled dragon

Action                   |  1- 3 |  4- 6 |  7- 9 | 10-12 || total
-------------------------+-------+-------+-------+-------++-------
Melee: Short sword       |    18 |   100 |   244 |     4 ||   366
       Dagger            |       |       |       |    48 ||    48
 Cast: Magic Dart        |    95 |   158 |   295 |    41 ||   589
       Call Imp          |       |     9 |    32 |       ||    41
       Mephitic Cloud    |       |    14 |    43 |     9 ||    66
       Repel Missiles    |       |     1 |     1 |       ||     2
       Blink             |       |       |     7 |     7 ||    14
       Conjure Flame     |       |       |     7 |     4 ||    11
       Airstrike         |       |       |       |    20 ||    20
 Abil: Spit Poison       |     5 |    11 |     2 |     2 ||    20
Evoke: Wand              |       |       |    12 |    22 ||    34
  Use: Scroll            |       |     8 |     1 |    11 ||    20
       Potion            |       |       |       |     3 ||     3
 Stab: Confused          |       |     5 |    14 |     3 ||    22
       Sleeping          |       |       |     1 |       ||     1
       Paralysed         |       |       |       |     1 ||     1
